 Dungeon Crawl Stone Soup version 0.24-a0-507-g3e8b242632 (webtiles) character file.

Game seed: 3115546530185388630

28 Gynju the Conjurer (level 2, -1/20 HPs)
             Began as a Draconian Conjurer on July 19, 2019.
             Slain by a bullfrog skeleton (7 damage)
             ... on level 4 of the Dungeon.
             The game lasted 00:02:06 (1624 turns).

Gynju the Conjurer (Draconian Conjurer)             Turns: 1624, Time: 00:02:06

Health: -1/20      AC:  4    Str: 10    XL:     2   Next: 96%
Magic:  1/5        EV: 12    Int: 15    God:
Gold:   110        SH:  0    Dex: 11    Spells: 5/6 levels left

rFire    . . .     SeeInvis .   f - +0 short sword
rCold    . . .     Gourm    .   (no shield)
rNeg     . . .     Faith    .   (armour unavailable)
rPois    .         Spirit   .   (helmet restricted)
rElec    .         Reflect  .   (no cloak)
rCorr    .         Harm     .   (no gloves)
MR       .....                  (no boots)
Stlth    ++........             (no amulet)
HPRegen  0.06/turn              (no ring)
MPRegen  0.09/turn              (no ring)

@: no status effects
A: unfitting armour, cold-blooded, AC +4
a: no special abilities


You were on level 4 of the Dungeon.
You were not hungry.

You visited 1 branch of the dungeon, and saw 3 of its levels.

You collected 110 gold pieces.

Inventory:

Hand Weapons
 f - a +0 short sword (weapon)
Missiles
 a - 31 stones (quivered)
Scrolls
 g - 2 scrolls of identify {unknown}
 h - a scroll of immolation {unknown}
 i - a scroll of teleportation {unknown}
 k - a scroll of remove curse {unknown}
Potions
 c - a potion of curing {unknown}
 e - a potion of lignification {unknown}
 j - 2 potions of might {unknown}
 l - a potion of agility {unknown}
Comestibles
 b - 6 rations
 d - 4 chunks of flesh


   Skills:
 - Level 1.7 Dodging
 - Level 1.7 Stealth
 + Level 2.7 Spellcasting
 + Level 4.5 Conjurations


You had 5 spell levels left.
You knew the following spells:

 Your Spells              Type           Power        Failure   Level  Hunger
a - Magic Dart            Conj           ###.         3%          1    #......

Your spell library contained the following spells:

 Spells                   Type           Power        Failure   Level  Hunger
 Searing Ray              Conj           ###...       4%          2    ##.....
 Dazzling Spray           Conj/Hex       #.....       24%         3    ###....
 Iskenderun's Mystic Bla  Conj           ###.....     32%         4    #####..
 Force Lance              Conj/Tloc      #.......     63%         4    #####..
 Fulminant Prism          Conj/Hex       #.........   63%         4    #####..


Dungeon Overview and Level Annotations

Branches:
Dungeon (2/15)

Altars:


Innate Abilities, Weirdness & Mutations

Your plain brown scales are hard. (AC +4)
You cannot fit into any form of body armour.
You are cold-blooded and may be slowed by cold attacks.


Message History

The bullfrog skeleton is lightly damaged.
The bullfrog skeleton barely misses you. x2
You hit the bullfrog skeleton but do no damage.
The bullfrog skeleton is lightly damaged.
The bullfrog skeleton hits you.
You completely miss the bullfrog skeleton.
The bullfrog skeleton is lightly damaged.
The bullfrog skeleton hits you.
You completely miss the bullfrog skeleton.
The bullfrog skeleton is lightly damaged.
The bullfrog skeleton barely misses you.
The bullfrog skeleton hits you.
* * * LOW HITPOINT WARNING * * *
You hit the bullfrog skeleton.
The bullfrog skeleton is moderately damaged.
The bullfrog skeleton misses you.
You hit the bullfrog skeleton. You tail-slap the bullfrog skeleton.
The bullfrog skeleton is heavily damaged.
The bullfrog skeleton hits you!
You die...

##... . . ### #...# ###.
. .#..##...###... .##
............# .)# . ##..
#..........# #.# #..
#...###.........##..#....
#..#.###........#........
#....#.........@ZZ.......
#.............###.##....
##..........## ## . .
##.......P.PP###.#
...#.................
...................#.
............P.....###
.........###.(.......
...........#.........


You could see a centaur zombie and a bullfrog skeleton.

Vanquished Creatures
  2 giant cockroaches (D:1)
  9 hobgoblins
  6 kobolds (D:1)
  2 ball pythons (D:1)
  A frilled lizard (D:1)
  A quokka skeleton (D:4)
  4 rats
25 creatures vanquished.

Notes
Turn   | Place    | Note
-------+----------+-------------------------------------------
     0 | D:1      | Gynju the Draconian Conjurer began the quest for the Orb.
     0 | D:1      | Reached XP level 1. HP: 14/14 MP: 3/3
   607 | D:1      | Reached XP level 2. HP: 20/20 MP: 3/5
  1553 | D:2      | You fall into a shaft and drop 2 floors!
  1624 | D:4      | Slain by a bullfrog skeleton

Levels and vault maps discovered:
D:1:      minmay_arrival_semitransparent, layout_loops_ring
D:2:      layout_basic, first_ration, grunt_ministairs_11, cheibrodos_gnoll_hut
D:4:      layout_cave_pools, overflow_temple_1_default, serial_undead,
          serial_undead_b, serial_undead_a, serial_undead_e, serial_undead_a,
          kennysheep_generic_room_6, uniq_eustachio

Action                   || total
-------------------------++-------
Melee: Club              ||    16
       Short sword       ||    10
       Tailslap          ||     3
       Unarmed           ||     2
 Cast: Magic Dart        ||    58
  Eat: Chunk             ||     3
Armor: Skin              ||    11
Dodge: Dodged            ||    27

Table legend:
 A = Non-vault XP
 B = Vault XP
 C = Vault XP percentage of total XP
 D = Non-vault monster count
 E = Vault monster count
 F = Vault count percentage of total count
                 A         B        C        D         E       F
            +---------+---------+-------+---------+---------+-------
      Total |      39 |       1 |   2.5 |      24 |       1 |   4.0
            +---------+---------+-------+---------+---------+-------
        D:1 |      28 |       0 |   0.0 |      18 |       0 |   0.0
        D:2 |      11 |       0 |   0.0 |       6 |       0 |   0.0
        D:4 |       0 |       1 | 100.0 |       0 |       1 | 100.0
            +---------+---------+-------+---------+---------+-------
